 Dungeon Crawl Stone Soup version 0.25.0-11-g1f837a76a1 (webtiles) character file.

Game seed: 17101440472106353449

508 grindst0ne the Chopper (level 7, -13/58 HPs)
             Began as a Human Chaos Knight on June 25, 2020.
             Was a Plaything of Xom.
             Mangled by an ogre
             ... wielding a cursed +0 giant club
              (18 damage)
             ... on level 4 of the Dungeon.
             The game lasted 00:06:16 (3687 turns).

grindst0ne the Chopper (Human Chaos Knight)         Turns: 3687, Time: 00:06:17

Health: -13/58     AC:  6    Str: 12    XL:     7   Next: 42%
Magic:  6/6        EV: 11    Int: 13    God:    Xom [....*.]
Gold:   221        SH:  0    Dex: 12    Spells: 6/6 levels left

rFire    . . .     SeeInvis .   a - +0 hand axe (chaos)
rCold    . . .     Gourm    .   (no shield)
rNeg     . . .     Faith    .   b - +2 leather armour
rPois    .         Spirit   .   (helmet restricted)
rElec    .         Reflect  .   (no cloak)
rCorr    .         Harm     .   (no gloves)
MR       .....                  x - +0 pair of boots
Stlth    ++........             (no amulet)
HPRegen  0.19/turn              p - ring of stealth
MPRegen  0.10/turn              (no ring)

@: very slightly contaminated, invisible
A: claws 1, horns 1, talons 1, low mp 1, mutation resistance 1, weak 1
a: Renounce Religion


You were on level 4 of the Dungeon.
You worshipped Xom.
You were a beloved toy of Xom.
You were not hungry.

You visited 1 branch of the dungeon, and saw 4 of its levels.

You collected 221 gold pieces.

Inventory:

Hand Weapons
 a - a +0 hand axe of chaos (weapon)
 k - a +3 antimagic whip
 A - a +0 dagger of venom
Missiles
 h - 15 poisoned darts (quivered)
 t - 7 boomerangs
Armour
 b - a +2 leather armour (worn)
 i - a +0 ring mail
 q - a +0 plate armour
 x - a +0 pair of boots (worn)
Jewellery
 p - a ring of stealth (left claw)
Wands
 n - a wand of flame (3)
 z - a wand of clouds (3)
Scrolls
 d - 2 scrolls of remove curse {unknown}
 g - 3 scrolls of identify {unknown}
 j - a scroll of fear {unknown}
 l - 3 scrolls of enchant weapon {unknown}
 m - a scroll of magic mapping {unknown}
 r - a scroll of blinking {unknown}
 s - a scroll of immolation {unknown}
 u - 2 scrolls of teleportation {unknown}
 y - a scroll of enchant armour {unknown}
 B - a scroll of amnesia {unknown}
Potions
 o - a potion of cancellation
 v - a potion of curing
 w - a potion of stabbing {unknown}
 C - a potion of resistance
 D - a potion of ambrosia {unknown}
Comestibles
 c - 12 rations
 f - 3 chunks of flesh


   Skills:
 + Level 6.0 Fighting
 + Level 6.0 Axes
 - Level 2.0 Armour
 - Level 1.0 Dodging


You had 6 spell levels left.
You didn't know any spells.
Your spell library was empty.

Dungeon Overview and Level Annotations

Branches:
Dungeon (4/15)
 Temple: D:4-7

Altars:
Dithmenos
Xom

Shops:
D:4 *


Innate Abilities, Weirdness & Mutations

You have sharp fingernails.
You have a pair of small horns on your head.
You have sharp toenails.
Your magical capacity is low. (-10% MP)
You are somewhat resistant to further mutation.
You are weak. (Str -2)


Message History

Something hits you!
* * * LOW HITPOINT WARNING * * *
The worker ant bites you.
* * * LOW HITPOINT WARNING * * *
You fade into invisibility!
The worker ant misses you.
You are very lightly contaminated with residual magic.
You closely miss the worker ant.
The worker ant is severely wounded.
You hit something. You headbutt something. Something hits you!
* * * LOW HITPOINT WARNING * * *
It was a potion of curing.
You feel better. Something completely misses you.
You barely miss something.
You feel better. Something hits you!
* * * LOW HITPOINT WARNING * * *
The worker ant twitches its antennae in your direction.
You hit something but do no damage. You headbutt something.
Something hits you!!
You die...
Xom bursts into laughter!

.......#...#.......#
.####..###.####.####
...#....##..###.##
#.....#..........#
.#..).#####......#
..##.## ###....#
....... #...##
...#.#..# ###..#
..##.##... ##@# ..#
.# ##.#### #.#####
... ##
.!....#.....#.. ..
#..........
#..........
#...)......
#..$.a.....
#.........∩
#..........


You could see a worker ant (wandering, drained).

Vanquished Creatures
  Grinder (D:3)
  A bullfrog (D:4)
  Natasha (thrice) (D:3)
  A worker ant (D:4)
  Robin (D:4)
  3 adders
  2 oozes
  A worm (D:3)
  4 dart slugs
  3 leopard geckos
  8 bats
  A giant cockroach (D:2)
  17 goblins
  6 hobgoblins
  10 jackals
  14 kobolds
  A quokka (D:3)
  2 ball pythons
  3 frilled lizards
  13 rats
95 creatures vanquished.

Notes
Turn   | Place    | Note
-------+----------+-------------------------------------------
     0 | D:1      | grindst0ne the Human Chaos Knight began the quest for the
                  | Orb.
     0 | D:1      | Reached XP level 1. HP: 18/18 MP: 1/1
    23 | D:1      | XOM: potion effect (haste)
   133 | D:1      | Reached XP level 2. HP: 21/24 MP: 2/2
   392 | D:1      | Reached XP level 3. HP: 29/29 MP: 3/3
  1104 | D:2      | XOM: silly message
  1107 | D:2      | Reached XP level 4. HP: 30/37 MP: 4/4
  1905 | D:2      | XOM: silly message
  1999 | D:3      | XOM: god gift: 9 arrows
  2236 | D:3      | Noticed Natasha
  2242 | D:3      | Killed Natasha
  2242 | D:3      | Reached XP level 5. HP: 31/43 MP: 5/5
  2580 | D:3      | XOM: god gift: 3 rations
  2592 | D:3      | Noticed Grinder
  2602 | D:3      | XOM: polymorph leopard gecko -> ball python
  2605 | D:3      | XOM: confuse monster(s)
  2624 | D:3      | XOM: potion effect (stabbing)
  2633 | D:3      | Paralysed by Grinder for 5 turns
  2646 | D:3      | XOM: enchant monster (bad)
  2649 | D:3      | XOM: butterfly on damage
  2649 | D:3      | XOM: smoke on damage
  2671 | D:3      | XOM: polymorph butterfly -> gnoll
  2683 | D:3      | Killed Grinder
  2683 | D:3      | Reached skill level 5 in Fighting
  2683 | D:3      | Reached skill level 5 in Axes
  2683 | D:3      | Reached XP level 6. HP: 42/51 MP: 6/6
  2853 | D:3      | Noticed Natasha
  2861 | D:3      | XOM: potion effect (brilliance)
  2863 | D:3      | XOM: potion effect (brilliance)
  2865 | D:3      | XOM: divination: magic mapping
  2866 | D:3      | XOM: fog
  2872 | D:3      | Killed Natasha
  3162 | D:3      | XOM: give mutations
  3162 | D:3      | Gained mutation: You have sharp fingernails. [Xom's
                  | mischief]
  3162 | D:3      | Gained mutation: Your magical capacity is low. (-10% MP)
                  | [Xom's mischief]
  3162 | D:3      | Gained mutation: You are weak. (Str -2) [Xom's mischief]
  3171 | D:3      | Noticed Natasha
  3185 | D:3      | Killed Natasha
  3185 | D:3      | Reached XP level 7. HP: 40/56 MP: 6/6
  3361 | D:3      | XOM: give mutations
  3361 | D:3      | Gained mutation: You have sharp toenails. [Xom's grace]
  3361 | D:3      | Gained mutation: You have a pair of small horns on your
                  | head. [Xom's grace]
  3361 | D:3      | Gained mutation: You are somewhat resistant to further
                  | mutation. [Xom's grace]
  3399 | D:4      | XOM: scenery: create altars
  3472 | D:4      | Noticed Robin
  3503 | D:4      | Killed Robin
  3576 | D:4      | Found a shadowy altar of Dithmenos.
  3576 | D:4      | XOM: 4-stop teleportation journey
  3671 | D:4      | Found Poray's General Store.
  3671 | D:4      | XOM: enchant monster (bad)
  3683 | D:4      | HP: 2/58 [something (11)]
  3687 | D:4      | Mangled by an ogre

Illustrated notes

Levels and vault maps discovered:
D:1:      lemuel_arrival_behind_the_door_small, layout_rooms
D:2:      layout_basic
D:3:      layout_basic, first_ration, uniq_natasha, uniq_grinder
D:4:      layout_rooms, kennysheep_mini, serial_shops, shop,
          minmay_manual_monstrance, uniq_robin

Skill      XL: |  1  2  3  4  5  6  7 |
---------------+----------------------+-----
Fighting       | 4 5 6 |  6.0
Axes           | 4 5 6 |  6.0
Armour         | |  2.0
Dodging        | |  1.0

Action                   |  1- 3 |  4- 6 |  7- 9 || total
-------------------------+-------+-------+-------++-------
Melee: Hand axe          |   109 |   130 |    51 ||   290
       Headbutt          |       |       |    10 ||    10
Throw: Dart              |       |     2 |     1 ||     3
Evoke: Wand              |       |    13 |       ||    13
  Use: Potion            |       |     5 |     3 ||     8
 Stab: Paralysed         |     1 |     2 |       ||     3
       Confused          |       |     2 |       ||     2
       Petrified         |       |     7 |       ||     7
       Petrifying        |       |       |     1 ||     1
  Eat: Chunk             |     1 |     6 |     2 ||     9
Armor: Leather armour    |    44 |    73 |    17 ||   134
Dodge: Dodged            |    68 |    83 |    31 ||   182
